 Dungeon Crawl Stone Soup version 0.18-a0-1285-g60d00e1 (webtiles) character file.

38 M4edhros the Ducker (level 3, -1/39 HPs)
             Began as an Octopode Chaos Knight on Feb 8, 2016.
             Slain by a neqoxec (7 damage)
             ... summoned by the severe capriciousness of Xom
             ... on level 2 of the Dungeon.
             The game lasted 00:03:04 (1838 turns).

M4edhros the Ducker (Octopode Chaos Knight)         Turns: 1838, Time: 00:03:04

Health: -1/39      AC: 24    Str: 10 (11) XL:     3   Next: 43%
Magic:  3/3        EV:  2    Int:  6 (15) God:    Xom [*.....]
Gold:   18         SH:  0    Dex:  7 (9)  Spells: 0 memorised, 2 levels left

rFire  . . .     SeeInvis .     h - +2 dagger (speed)
rCold  . . .     Gourm    .     (no shield)
rNeg   + + +     Faith    .     (helmet currently unavailable)
rPois  +         Spirit   .     (no amulet)
rElec  .         Dismiss  .     d - +3 ring of protection
rCorr  .         Reflect  .     (no ring)
SustAt .         Harm     .     (no ring)
MR     .....     Rnd*Rage +     (no ring)
Stlth  +++....... NoTele   +    (no ring)
                                (no ring)
                                (no ring)
                                (no ring)

@: tree-form, not resistant to hostile enchantments, fairly stealthy
A: almost no armour, amphibious, 8 rings, (constrict 8), (iridescent scales 0),
(camouflage 0), berserk 1, blurry vision 1, clumsy 1, (gelatinous body 0),
subdued magic 1
a: Renounce Religion


You were on level 2 of the Dungeon.
You worshipped Xom.
You were a special plaything of Xom.
You were near starving.
You were a tree.
You visited 1 branch of the dungeon, and saw 2 of its levels.

You collected 18 gold pieces.

Inventory:

Hand Weapons
 a - a +0 spear of chaos
 h - a +2 dagger of speed (weapon)
Jewellery
 d - a +3 ring of protection (left branch)
Scrolls
 e - a scroll of immolation {unknown}
 f - 2 scrolls of remove curse {unknown}
 i - a scroll of enchant armour {unknown}
Comestibles
 b - a bread ration


   Skills:
 - Level 3.0 Fighting
 - Level 3.0 Polearms
 + Level 3.2 Dodging
 + Level 3.0 Stealth


You had 2 spell levels left.
You didn't know any spells.

Dungeon Overview and Level Annotations

Branches:
Dungeon (2/15)

Altars:


Innate Abilities, Weirdness & Mutations

You cannot wear most types of armour.
You are amphibious.
You can wear up to eight rings at the same time.
((You can use your tentacles to constrict eight enemies at once.))
((Your skin changes colour to match your surroundings (Stealth).))
((Your rubbery body absorbs attacks (AC +1).))
((You are partially covered in iridescent scales (AC +4).))
You tend to lose your temper in combat.
Scrolls take you a little longer to read.
You are clumsy. (Dex -2)
Your spells are a little easier to cast, but a little less powerful.


Message History

You closely miss the neqoxec.
The neqoxec is moderately wounded.
The ufetubus hits you but does no damage. x2
You completely miss the neqoxec.
The neqoxec is moderately wounded.
The ufetubus hits you but does no damage. x2
The neqoxec hits you.
* * * LOW HITPOINT WARNING * * *
You closely miss the neqoxec.
The neqoxec is moderately wounded.
The ufetubus hits you but does no damage. x2
The neqoxec hits you but does no damage.
You hit the neqoxec but do no damage.
The neqoxec is moderately wounded.
The ufetubus degenerates into a cloud of primal chaos!
You hit the neqoxec but do no damage.
The neqoxec is moderately wounded.
The neqoxec hits you!
You die... "I guess I need a new plaything now."

#.##<########
#............
#.##.########
# #.........
##........
#.######.
###....#
#....3§#
+....♣.+
#.....§#
#....%.#
#).....#
#.....##
#.....#
#.....#
#.....#


You could see a neqoxec.

Vanquished Creatures
  An adder (D:1)
  4 bats (D:1)
  2 giant cockroaches (D:1)
  11 goblins (D:1)
  3 hobgoblins (D:1)
  2 kobolds (D:1)
  4 rats (D:1)
27 creatures vanquished.

Notes
Turn   | Place    | Note
--------------------------------------------------------------
     0 | D:1      | M4edhros the Octopode Chaos Knight began the quest for the Orb.
     0 | D:1      | Reached XP level 1. HP: 16/16 MP: 1/1
    34 | D:1      | Reached skill level 1 in Stealth
    49 | D:1      | XOM: harmless Air miscast
    95 | D:1      | Reached XP level 2. HP: 19/21 MP: 2/2
   374 | D:1      | XOM: divination: detect items
   504 | D:1      | XOM: harmless Fire miscast
   563 | D:1      | XOM: silly message
   761 | D:1      | XOM: divination: detect items
  1009 | D:1      | Reached XP level 3. HP: 26/26 MP: 3/3
  1280 | D:1      | XOM is BORED!
  1280 | D:1      | XOM: harmless Necr miscast
  1628 | D:1      | XOM: harmless Trmt miscast
  1792 | D:2      | XOM: medium Summ miscast
  1793 | D:2      | Noticed a neqoxec
  1793 | D:2      | Gained mutation: You tend to lose your temper in combat. [a neqoxec]
  1801 | D:2      | XOM: smoke on damage
  1824 | D:2      | Gained mutation: Scrolls take you a little longer to read. [potion of mutation]
  1824 | D:2      | Gained mutation: You are partially covered in iridescent scales (AC +4). [potion of mutation]
  1824 | D:2      | Gained mutation: You are clumsy. (Dex -2) [potion of mutation]
  1829 | D:2      | Gained mutation: Your spells are a little easier to cast, but a little less powerful. [a neqoxec]
  1838 | D:2      | Slain by a neqoxec

Vault maps used:
D:1:      dpeg_arrival_subterranean_lakeside_camping, minmay_misc_feat_square
D:2:      bh_chokoban

Action                   || total
-------------------------++-------
Melee: Spear             ||    21
       Dagger            ||    69
  Use: Potion            ||     3
 Stab: Sleeping          ||    12
  Eat: Chunk             ||     1
